 Dungeon Crawl Stone Soup version 0.30-a0-34-gbe8da3892a (webtiles) character file.

Game seed: 17319853937556857262

8 frimble the Gusty (level 2, -1/19 HPs)
             Began as a Demonspawn Air Elementalist on Aug 28, 2022.
             Slain by a goblin
             ... wielding a +0 club
              (2 damage)
             ... on level 1 of the Dungeon.
             The game lasted 00:00:24 (296 turns).

frimble the Gusty (Demonspawn Air Elementalist)      Turns: 296, Time: 00:00:24

Health: -1/19      AC:  2    Str:  8    XL:     2   Next: 0%
Magic:  3/5        EV: 12    Int: 16    God:
Gold:   12         SH:  0    Dex: 13    Spells: 4/5 levels left

rFire   . . .      SeeInvis .    c - staff of air
rCold   . . .      Faith    .    (no shield)
rNeg    . . .      Spirit   .    a - +0 robe
rPois   .          Reflect  .    (no helmet)
rElec   +          Harm     .    (no cloak)
rCorr   .          Rampage  .    (no gloves)
Will    .....                    (no boots)
Stlth   ++........               (no amulet)
HPRegen 0.06/turn                (no ring)
MPRegen 0.18/turn                (no ring)

@: no status effects
A: magic regeneration
a: no special abilities


You were on level 1 of the Dungeon.
You visited 1 branch of the dungeon, and saw 1 of its levels.

You collected 12 gold pieces.

Inventory:

Armour
 a - a +0 robe (worn)
Magical Staves
 c - a staff of air (weapon)
Scrolls
 d - a scroll of teleportation {unknown}
Potions
 b - a potion of magic
 e - a potion of curing {unknown}


   Skills:
 - Level 1.7 Dodging
 - Level 1.7 Stealth
 - Level 2.0 Spellcasting
 + Level 1.5 Conjurations
 + Level 3.0 Air Magic


You had 4 spell levels left.
You knew the following spells:

 Your Spells              Type           Power      Damage    Failure   Level
a - Shock                 Conj/Air       52%        1d6       9%          1

Your spell library contained the following spells:

 Spells                   Type           Power      Damage    Failure   Level
 Static Discharge         Conj/Air       26%        3-5/arc   12%         2
 Swiftness                Air            16%        N/A       19%         3
 Airstrike                Air            8%         2d(2-18)  52%         4


Dungeon Overview and Level Annotations

Branches:
Dungeon (1/15)

Altars:


Innate Abilities, Weirdness & Mutations

You regenerate magic rapidly.


Message History

You closely miss the ball python. The ball python bites you.
The ball python misses you.
You hit the ball python but do no damage.
The ball python bites you but does no damage.
The ball python closely misses you. The goblin hits you with a +0 club.
The ball python bites you. The ball python barely misses you.
You are too injured to fight recklessly!
You are too injured to fight recklessly!
You are too injured to fight recklessly!
You are too injured to fight recklessly!
You are too injured to fight recklessly!
You are too injured to fight recklessly!
You are too injured to fight recklessly!
You are too injured to fight recklessly!
Aiming: Shock (safe; 9% risk of failure)
Press: ? - help, Q - select action Shift-Dir - straight line, f - ball python
Aim: a ball python (64% to hit)
You feel a surge of power!
The zap hits the ball python.
You kill the ball python!
The goblin misses you.
Your Air Magic skill increases to level 3!
You have reached level 2!
Your demonic ancestry asserts itself...
Your magic begins to regenerate rapidly.
The goblin attacks as you move away! The goblin hits you with a +0 club.
You see here a +0 club.
Aiming: Shock (safe; 9% risk of failure)
Press: ? - help, Q - select action Shift-Dir - straight line, f - goblin
Aim: a goblin, wielding a +0 club (60% to hit)
You feel a surge of power!
The zap misses the goblin.
The goblin completely misses you.
You hit the goblin but do no damage. The goblin hits you with a +0 club.
You miss the goblin. The goblin hits you with a +0 club.
* * * LOW HITPOINT WARNING * * *
You barely miss the goblin. The goblin hits you with a +0 club.
* * * LOW HITPOINT WARNING * * *
The goblin hits you with a +0 club.
* * * LOW HITPOINT WARNING * * *
You miss the goblin. The goblin hits you with a +0 club.
You die...

#### ##.#### ........#
......... ........# ###
........# .. ###..
..!.....# #.....#....
......$.###### #....##.##.
.......rg@.).# #....#.. #.
......†.#....# #......####
........#....# #..#.#.#.#.
........#....# #..........
.......$#....###..#.#.#†#.
....r...#.....##........>.
##...####.........#.#.#.#.
#... #.......>#........
#... #.......###.#.#.#.


You could see a goblin and a rat.

Vanquished Creatures
  A giant cockroach (D:1)
  2 hobgoblins (D:1)
  2 kobolds (D:1)
  A ball python (D:1)
  A rat (D:1)
7 creatures vanquished.

Notes
Turn   | Place    | Note
-------+----------+-------------------------------------------
     0 | D:1      | frimble the Demonspawn Air Elementalist began the quest for
                  | the Orb.
     0 | D:1      | Reached XP level 1. HP: 13/13 MP: 3/3
   290 | D:1      | Reached skill level 3 in Air Magic
   290 | D:1      | Gained mutation: You regenerate magic rapidly. [demonic
                  | ancestry]
   290 | D:1      | Reached XP level 2. HP: 11/19 MP: 3/5
   296 | D:1      | Slain by a goblin

Illustrated notes

Levels and vault maps discovered:
D:1:      minmay_arrival_floating_metal, layout_basic, serial_glass,
          glass_columns_b, glass_columns_a, minmay_misc_feat_x, st_stairs_10,
          minmay_tree_intersection

Skill      XL: |  1 |
---------------+----+-----
Air Magic      | 3 |  3.0
Dodging        | |  1.7
Stealth        | |  1.7
Spellcasting   | |  2.0
Conjurations   | |  1.5

Action                   || total
-------------------------++-------
Melee: Staff             ||    15
       Unarmed           ||     2
       Punch             ||     1
 Cast: Shock             ||     6
Armor: Robe              ||     1
Dodge: Dodged            ||    16

Table legend: (Time is in decaauts)
 A = Elapsed time spent in this place.
 B = Non-inter-level travel time spent in this place.
 C = Inter-level travel time spent in this place.
 D = Time resting spent in this place.
 E = Time spent auto-exploring this place.
 F = Levels seen in this place.
 G = Mean time per level.
                   A        B        C        D        E       F      G
               +--------+--------+--------+--------+--------+-----+--------+
         Total |    300 |    300 |      0 |      0 |    247 |   1 |  300.0 |
       Dungeon |    300 |    300 |      0 |      0 |    247 |   1 |  300.0 |
               +--------+--------+--------+--------+--------+-----+--------+

Top non-repeatable levels by time:
     D:1: 300 daAuts
